MWL (24 & UNDER)
COLUMBIA 08S @ PLUMSTEAD EAGLES
08/31/2025
 
TOP OF THE 1ST
Columbia 08s batting - Pitching for Plumstead Eagles : RHP Matt Barlow
Pitching: RHP Matt Barlow
Batting: RHB Ben Barker 0-0: Ball
1-0: Foul Ball, location: 2F
1-1: Called Strike
1-2: Strikes out swinging
Batting: SHB Jorge Rodríguez 0-0: Called Strike
0-1: Called Strike
0-2: Foul Ball, location: 2F
0-2: Ball
1-2: SINGLE (Groundball, 56D)
Batting: SHB Wayne Matthews 0-0: Ball
1-0: Fielders Choice at 2nd, 6-4 (Groundball, 6)
Batting: RHB Pat Fernández 0-0: Called Strike
0-1: SINGLE (Line Drive, 34)
Wayne Matthews to second
Batting: LHB Ramiro Muñóz 0-0: Fly out, F8 (Flyball, 8LM)
Top of the 1st over - 0 run(s), 2 hit(s), 0 error(s), 2 left on base; Columbia 0 - Plumstead 0
BOTTOM OF THE 1ST
Plumstead Eagles batting - Pitching for Columbia 08s : RHP Renaldo Quilh
Pitching: RHP Renaldo Quilh
Batting: RHB Carlos Palomón 0-0: Ball
1-0: Swinging Strike
1-1: Ground out 4-3 (Groundball, 4)
Batting: RHB José Moreno 0-0: Ball
1-0: Called Strike
1-1: Foul Ball, location: 2F
1-2: Foul Ball, location: 2F
1-2: Ball
2-2: Ball
3-2: Base on Balls
Batting: RHB J.J. Leslie 0-0: Ball
1-0: Ball
2-0: Foul Ball, location: 2F
2-1: Called Strike
2-2: Ball
Wild Pitch!
José Moreno to second
3-2: Fly out, F8 (Flyball, 8RS)
Batting: RHB Juan Caceres 0-0: Ball
1-0: DOUBLE (Line Drive, 9LM)
José Moreno scores
Batting: RHB Ethan Moore 0-0: Ball
1-0: Called Strike
1-1: Foul Ball, location: 2F
1-2: Foul Ball, location: 2F
1-2: Ground out 6-3 (Groundball, 6)
Bottom of the 1st over - 1 run(s), 1 hit(s), 0 error(s), 1 left on base; Columbia 0 - Plumstead 1
TOP OF THE 2ND
Columbia 08s batting - Pitching for Plumstead Eagles : RHP Matt Barlow
Batting: RHB Carlos López 0-0: Ball
1-0: Ball
2-0: Called Strike
2-1: Ground out 4-3 (Groundball, 4)
Batting: RHB Dan Morrison 0-0: Called Strike
0-1: Ball
1-1: Ball
2-1: Ground out 6-3 (Groundball, 6)
Batting: RHB José Orozco 0-0: Called Strike
0-1: Ball
1-1: Called Strike
1-2: Ball
2-2: Fly out, F9 (Flyball, 89M)
Top of the 2nd over - 0 run(s), 0 hit(s), 0 error(s), 0 left on base; Columbia 0 - Plumstead 1
BOTTOM OF THE 2ND
Plumstead Eagles batting - Pitching for Columbia 08s : RHP Renaldo Quilh
Batting: LHB Víctor Peña 0-0: Swinging Strike
0-1: Ball
1-1: Ball
2-1: Ground out 4-3 (Groundball, 4)
Batting: RHB Kolomon Meise 0-0: Called Strike
0-1: Foul Ball, location: 2F
0-2: Ball
1-2: Ground out 6-3 (Groundball, 6M)
Batting: LHB Arturo Álvarez 0-0: Ball
1-0: Ball
2-0: Ball
3-0: Called Strike
3-1: Base on Balls
Batting: LHB Dennis McConnell 0-0: Called Strike
Arturo Álvarez steals 2nd base
0-1: Called Strike
0-2: Ball
1-2: Strikes out swinging
Bottom of the 2nd over - 0 run(s), 0 hit(s), 0 error(s), 1 left on base; Columbia 0 - Plumstead 1
TOP OF THE 3RD
Columbia 08s batting - Pitching for Plumstead Eagles : RHP Matt Barlow
Batting: RHB Pedro López 0-0: Called Strike
0-1: Fly out, F6 (Popup, 56D)
Batting: RHB Ben Barker 0-0: Called Strike
0-1: Ball
1-1: Foul Ball, location: 2F
1-2: SOLO HOME RUN (Flyball, 7D), Distance : 378 ft
Batting: SHB Jorge Rodríguez 0-0: Called Strike
0-1: Ball
1-1: Foul Ball, location: 2F
1-2: Ball
2-2: Ball
3-2: SINGLE (Groundball, 34D)
Batting: SHB Wayne Matthews 0-0: Foul Ball, location: 2F
0-1: Ball
1-1: Fielders Choice at 2nd, 1-6 (Groundball, 15)
Batting: RHB Pat Fernández 0-0: Ball
1-0: Ball
Wayne Matthews steals 2nd base
2-0: Ball
3-0: Base on Balls
Batting: LHB Ramiro Muñóz 0-0: Ball
1-0: Foul Ball, location: 2F
1-1: Fly out, F8 (Flyball, 8LM)
Top of the 3rd over - 1 run(s), 2 hit(s), 0 error(s), 2 left on base; Columbia 1 - Plumstead 1
BOTTOM OF THE 3RD
Plumstead Eagles batting - Pitching for Columbia 08s : RHP Renaldo Quilh
Batting: RHB Carlos Palomón 0-0: Called Strike
0-1: Foul Ball, location: 2F
0-2: Foul Ball, location: 2F
0-2: Ball
1-2: Ball
2-2: Ball
3-2: DOUBLE (Flyball, 9LS)
Batting: RHB José Moreno 0-0: Ball
1-0: Foul Ball, location: 2F
1-1: Ball
2-1: Swinging Strike
2-2: Foul Ball, location: 2F
2-2: Strikes out looking
Batting: RHB J.J. Leslie 0-0: Ball
1-0: Ball
2-0: Ball
3-0: Base on Balls
Batting: RHB Juan Caceres 0-0: Grounds into double play, 5-4-3 (Groundball, 5)
Bottom of the 3rd over - 0 run(s), 1 hit(s), 0 error(s), 1 left on base; Columbia 1 - Plumstead 1
TOP OF THE 4TH
Columbia 08s batting - Pitching for Plumstead Eagles : RHP Matt Barlow
Batting: RHB Carlos López 0-0: Foul Ball, location: 2F
0-1: Fly out, F8 (Flyball, 8RM)
Batting: RHB Dan Morrison 0-0: Fly out, F2 (Popup, 2RF)
Batting: RHB José Orozco 0-0: Ball
1-0: Called Strike
1-1: Ground out 4-3 (Groundball, 4)
Top of the 4th over - 0 run(s), 0 hit(s), 0 error(s), 0 left on base; Columbia 1 - Plumstead 1
BOTTOM OF THE 4TH
Plumstead Eagles batting - Pitching for Columbia 08s : RHP Renaldo Quilh
Batting: RHB Ethan Moore 0-0: Ball
1-0: Called Strike
1-1: Called Strike
1-2: Ball
2-2: Strikes out swinging
Batting: LHB Víctor Peña 0-0: SINGLE (Groundball, 6D)
Batting: RHB Kolomon Meise 0-0: Fly out, F4 (Popup, 8RS)
Batting: LHB Arturo Álvarez 0-0: Ball
1-0: Foul Ball, location: 2F
1-1: Ball
2-1: Foul Ball, location: 2F
2-2: Fly out, F8 (Flyball, 8RM)
Bottom of the 4th over - 0 run(s), 1 hit(s), 0 error(s), 1 left on base; Columbia 1 - Plumstead 1
TOP OF THE 5TH
Columbia 08s batting - Pitching for Plumstead Eagles : RHP Matt Barlow
Batting: RHB Pedro López 0-0: SINGLE (Line Drive, 6M)
Batting: RHB Ben Barker 0-0: Swinging Strike
0-1: Ball
1-1: Ball
2-1: Ball
Pedro López is caught stealing 2nd base
3-1: Called Strike
3-2: Strikes out looking
Batting: SHB Jorge Rodríguez 0-0: Ball
1-0: Called Strike
1-1: Foul Ball, location: 2F
1-2: Ball
2-2: Ball
3-2: Fly out, F6 (Popup, 6MD)
Top of the 5th over - 0 run(s), 1 hit(s), 0 error(s), 0 left on base; Columbia 1 - Plumstead 1
BOTTOM OF THE 5TH
Plumstead Eagles batting - Pitching for Columbia 08s : RHP Renaldo Quilh
Batting: LHB Dennis McConnell 0-0: Foul Ball, location: 2F
0-1: Ball
1-1: Called Strike
1-2: Strikes out looking
Batting: RHB Carlos Palomón 0-0: Called Strike
0-1: Fly out, F7 (Flyball, 78S)
Batting: RHB José Moreno 0-0: Ground out U3 (Groundball, 3)
Bottom of the 5th over - 0 run(s), 0 hit(s), 0 error(s), 0 left on base; Columbia 1 - Plumstead 1
TOP OF THE 6TH
Columbia 08s batting - Pitching for Plumstead Eagles : RHP Matt Barlow
Batting: SHB Wayne Matthews 0-0: Ball
1-0: Ball
2-0: Ball
3-0: Base on Balls
Batting: RHB Pat Fernández 0-0: Called Strike
0-1: Ball
1-1: Grounds into double play, 6-4-3 (Groundball, 6)
Batting: LHB Ramiro Muñóz 0-0: Foul Ball, location: 2F
0-1: Ball
1-1: Ball
2-1: SINGLE (Line Drive, 6MD)
Batting: RHB Carlos López 0-0: Called Strike
0-1: Foul Ball, location: 2F
0-2: Ball
1-2: Foul Ball, location: 2F
1-2: Strikes out looking
Top of the 6th over - 0 run(s), 1 hit(s), 0 error(s), 1 left on base; Columbia 1 - Plumstead 1
BOTTOM OF THE 6TH
Plumstead Eagles batting - Pitching for Columbia 08s : RHP Renaldo Quilh
Batting: RHB J.J. Leslie 0-0: Ground out 6-3 (Groundball, 6)
Batting: RHB Juan Caceres 0-0: Foul Ball, location: 2F
0-1: Fly out, F3 (Popup, 34D)
Batting: RHB Ethan Moore 0-0: Fly out, F8 (Flyball, 8RM)
Bottom of the 6th over - 0 run(s), 0 hit(s), 0 error(s), 0 left on base; Columbia 1 - Plumstead 1
TOP OF THE 7TH
Columbia 08s batting - Pitching for Plumstead Eagles : RHP Matt Barlow
Pinch Hitting: RHB Patrick Potts 0-0: Ground out 5-3 (Groundball, 56)
Pitching: RHP Manny Ramos
Batting: RHB José Orozco 0-0: Called Strike
0-1: Foul Ball, location: 2F
0-2: Strikes out swinging
Batting: RHB Pedro López 0-0: Ground out 4-3 (Groundball, 4S)
Top of the 7th over - 0 run(s), 0 hit(s), 0 error(s), 0 left on base; Columbia 1 - Plumstead 1
BOTTOM OF THE 7TH
Plumstead Eagles batting - Pitching for Columbia 08s : RHP Renaldo Quilh
Now at 2B: Jorge Mora
Batting: LHB Víctor Peña 0-0: Ball
1-0: Ground out 4-3 (Groundball, 34)
Batting: RHB Kolomon Meise 0-0: Ball
1-0: Called Strike
1-1: Ground out 6-3 (Groundball, 6)
Batting: LHB Arturo Álvarez 0-0: Foul Ball, location: 2F
0-1: Swinging Strike
0-2: Ball
1-2: Strikes out swinging
Bottom of the 7th over - 0 run(s), 0 hit(s), 0 error(s), 0 left on base; Columbia 1 - Plumstead 1
TOP OF THE 8TH
Columbia 08s batting - Pitching for Plumstead Eagles : RHP Manny Ramos
Pinch Hitting: RHB Chris Burrell 0-0: Ball
1-0: Ball
2-0: Swinging Strike
2-1: Foul Ball, location: 2F
2-2: Strikes out swinging
Batting: SHB Jorge Rodríguez 0-0: Called Strike
0-1: Ball
1-1: Foul Ball, location: 2F
1-2: Ground out 4-3 (Groundball, 4)
Batting: SHB Wayne Matthews 0-0: Ball
1-0: Ground out 5-3 (Groundball, 5S)
Top of the 8th over - 0 run(s), 0 hit(s), 0 error(s), 0 left on base; Columbia 1 - Plumstead 1
BOTTOM OF THE 8TH
Plumstead Eagles batting - Pitching for Columbia 08s : RHP Renaldo Quilh
Pitching: LHP Henny van der Lack
Now in CF: Claudio Palácios
Pinch Hitting: RHB Jaime Rodríguez 0-0: Ball
1-0: Foul Ball, location: 2F
1-1: Called Strike
1-2: Foul Ball, location: 2F
1-2: Strikes out swinging
Pitching: RHP Ignacio Medina
Batting: RHB Carlos Palomón 0-0: Ball
1-0: Called Strike
1-1: Ball
2-1: Foul Ball, location: 2F
2-2: Foul Ball, location: 2F
2-2: Ground out 6-3 (Groundball, 6)
Batting: RHB José Moreno 0-0: Swinging Strike
0-1: Swinging Strike
0-2: Strikes out looking
Bottom of the 8th over - 0 run(s), 0 hit(s), 0 error(s), 0 left on base; Columbia 1 - Plumstead 1
TOP OF THE 9TH
Columbia 08s batting - Pitching for Plumstead Eagles : RHP Manny Ramos
Pitching: RHP Keith Fitzgerald
Now at 1B: Jaime Rodríguez
Batting: RHB Pat Fernández 0-0: Called Strike
0-1: Ball
1-1: Ball
2-1: Ball
3-1: Foul Ball, location: 2F
3-2: Base on Balls
Batting: LHB Ramiro Muñóz 0-0: Called Strike
0-1: SINGLE (Groundball, 34D)
Pat Fernández to second
Runner from 2nd tries for 3rd, SAFE, throw made to third
Batting: RHB Carlos López 0-0: Called Strike
0-1: Ball
1-1: Called Strike
1-2: Ball
2-2: Ball
3-2: Strikes out looking
Batting: RHB Jorge Mora 0-0: Called Strike
0-1: Ball
1-1: Ball
2-1: Called Strike
2-2: Strikes out swinging
Batting: RHB José Orozco 0-0: Called Strike
0-1: Foul Ball, location: 2F
0-2: SINGLE (Line Drive, 4D)
Pat Fernández scores
Ramiro Muñóz to second
Runner from 2nd tries for 3rd, SAFE, throw made to third
Batting: RHB Pedro López 0-0: Called Strike
0-1: Ground out 5-3 (Groundball, 56)
Top of the 9th over - 1 run(s), 2 hit(s), 0 error(s), 2 left on base; Columbia 2 - Plumstead 1
BOTTOM OF THE 9TH
Plumstead Eagles batting - Pitching for Columbia 08s : RHP Ignacio Medina
Pitching: RHP Danny Johnston
Batting: RHB J.J. Leslie 0-0: Swinging Strike
0-1: Called Strike
0-2: Ball
1-2: Ball
2-2: Foul Ball, location: 2F
2-2: Ball
3-2: Foul Ball, location: 2F
3-2: Base on Balls
Pinch Runner at 1st Rubén Martínez:
Batting: RHB Juan Caceres 0-0: Called Strike
0-1: Ball
1-1: Ball
Wild Pitch!
Rubén Martínez to second
2-1: Ball
3-1: Base on Balls
Batting: RHB Ethan Moore 0-0: Ball
1-0: Ball
2-0: Ball
3-0: Base on Balls
Rubén Martínez to third
Juan Caceres to second
Batting: LHB Víctor Peña 0-0: Ball
1-0: Fly out, F8 (Flyball, 8RXD)
Runner from 3rd tags up, SCORES, no throw
Juan Caceres to third
Batting: RHB Kolomon Meise 0-0: Ball
1-0: Foul Ball, location: 2F
1-1: Ground out 5-3 (Groundball, 56S)
Ethan Moore to second
Batting: LHB Arturo Álvarez 0-0: Called Strike
0-1: Ball
1-1: Ground out 6-3 (Groundball, 6)
Bottom of the 9th over - 1 run(s), 0 hit(s), 0 error(s), 2 left on base; Columbia 2 - Plumstead 2
TOP OF THE 10TH
Columbia 08s batting - Pitching for Plumstead Eagles : RHP Keith Fitzgerald
Now in RF: Rubén Martínez
Batting: LHB Claudio Palácios 0-0: Fly out, F7 (Flyball, 78S)
Batting: SHB Jorge Rodríguez 0-0: Foul Ball, location: 2F
0-1: Ball
1-1: Foul Ball, location: 2F
1-2: Fly out, F9 (Flyball, 9M)
Batting: SHB Wayne Matthews 0-0: Fly out, F5 (Popup, 5F)
Top of the 10th over - 0 run(s), 0 hit(s), 0 error(s), 0 left on base; Columbia 2 - Plumstead 2
BOTTOM OF THE 10TH
Plumstead Eagles batting - Pitching for Columbia 08s : RHP Danny Johnston
Batting: RHB Jaime Rodríguez 0-0: Called Strike
0-1: Foul Ball, location: 2F
0-2: Ball
1-2: Foul Ball, location: 2F
1-2: Ball
2-2: Foul Ball, location: 2F
2-2: Ball
3-2: Foul Ball, location: 2F
3-2: Foul Ball, location: 2F
3-2: Ground out 5-3 (Groundball, 5S)
Batting: RHB Carlos Palomón 0-0: Called Strike
0-1: Called Strike
0-2: Strikes out looking
Batting: RHB José Moreno 0-0: Ground out 1-3 (Groundball, 13S)
Bottom of the 10th over - 0 run(s), 0 hit(s), 0 error(s), 0 left on base; Columbia 2 - Plumstead 2
TOP OF THE 11TH
Columbia 08s batting - Pitching for Plumstead Eagles : RHP Keith Fitzgerald
Pitching: RHP Chris Jennings
Batting: RHB Pat Fernández 0-0: Foul Ball, location: 2F
0-1: Ball
1-1: DOUBLE (Flyball, 8RXD)
Batting: LHB Ramiro Muñóz 0-0: Ball
1-0: Fly out, F8 (Line Drive, 8LD)
Batting: RHB Carlos López 0-0: Ball
1-0: Called Strike
1-1: Ball
2-1: Foul Ball, location: 2F
2-2: Ball
3-2: Ground out 5-3 (Groundball, 5L)
Batting: RHB Jorge Mora 0-0: Ball
1-0: Ball
2-0: Ground out 5-3 (Groundball, 5)
Top of the 11th over - 0 run(s), 1 hit(s), 0 error(s), 1 left on base; Columbia 2 - Plumstead 2
BOTTOM OF THE 11TH
Plumstead Eagles batting - Pitching for Columbia 08s : RHP Danny Johnston
Pitching: RHP Charles Palmeiro
Pinch Hitting: RHB Pablo Villarreal 0-0: Called Strike
0-1: Ground out 5-3 (Groundball, 56)
Batting: RHB Juan Caceres 0-0: Called Strike
0-1: Fly out, F8 (Flyball, 89D)
Batting: RHB Ethan Moore 0-0: Called Strike
0-1: Ball
1-1: Foul Ball, location: 2F
1-2: Ball
2-2: Foul Ball, location: 2F
2-2: Strikes out swinging
Bottom of the 11th over - 0 run(s), 0 hit(s), 0 error(s), 0 left on base; Columbia 2 - Plumstead 2
TOP OF THE 12TH
Columbia 08s batting - Pitching for Plumstead Eagles : RHP Chris Jennings
Now in RF: Marvin Beauregard
Batting: RHB José Orozco 0-0: Called Strike
0-1: Ball
1-1: Ball
2-1: Called Strike
2-2: Strikes out swinging
Batting: RHB Pedro López 0-0: Called Strike
0-1: Foul Ball, location: 2F
0-2: Strikes out swinging
Batting: LHB Claudio Palácios 0-0: Called Strike
0-1: Ball
1-1: Ground out 4-3 (Groundball, 4)
Top of the 12th over - 0 run(s), 0 hit(s), 0 error(s), 0 left on base; Columbia 2 - Plumstead 2
BOTTOM OF THE 12TH
Plumstead Eagles batting - Pitching for Columbia 08s : RHP Charles Palmeiro
Batting: LHB Víctor Peña 0-0: Called Strike
0-1: Ball
1-1: Fly out, F9 (Flyball, 9D)
Batting: RHB Kolomon Meise 0-0: Ball
1-0: Swinging Strike
1-1: Ball
2-1: Ball
3-1: Swinging Strike
3-2: Strikes out looking
Batting: LHB Arturo Álvarez 0-0: Ball
1-0: Swinging Strike
1-1: Ball
2-1: Ball
3-1: Foul Ball, location: 2F
3-2: Fly out, F8 (Flyball, 8RM)
Bottom of the 12th over - 0 run(s), 0 hit(s), 0 error(s), 0 left on base; Columbia 2 - Plumstead 2
TOP OF THE 13TH
Columbia 08s batting - Pitching for Plumstead Eagles : RHP Chris Jennings
Batting: SHB Jorge Rodríguez 0-0: Called Strike
0-1: Called Strike
0-2: Ball
1-2: Strikes out swinging
Batting: SHB Wayne Matthews 0-0: Ball
1-0: Ball
2-0: SINGLE (Groundball, 34S)
Batting: RHB Pat Fernández 0-0: Ball
1-0: Ball
2-0: Grounds into double play, 1-6-3 (Groundball, 15)
Top of the 13th over - 0 run(s), 1 hit(s), 0 error(s), 0 left on base; Columbia 2 - Plumstead 2
BOTTOM OF THE 13TH
Plumstead Eagles batting - Pitching for Columbia 08s : RHP Charles Palmeiro
Batting: RHB Jaime Rodríguez 0-0: Ball
1-0: Swinging Strike
1-1: Ground out 6-3 (Groundball, 6)
Batting: RHB Carlos Palomón 0-0: Ball
1-0: Fly out, F9 (Flyball, 9M)
Batting: RHB José Moreno 0-0: Called Strike
0-1: Foul Ball, location: 2F
0-2: Ball
1-2: Strikes out swinging
Bottom of the 13th over - 0 run(s), 0 hit(s), 0 error(s), 0 left on base; Columbia 2 - Plumstead 2
TOP OF THE 14TH
Columbia 08s batting - Pitching for Plumstead Eagles : RHP Chris Jennings
Batting: LHB Ramiro Muñóz 0-0: Ball
1-0: Ball
2-0: Ground out 1-3 (Groundball, 15)
Batting: RHB Carlos López 0-0: Ground out 1-3 (Groundball, 15)
Batting: RHB Jorge Mora 0-0: Ground out 5-3 (Groundball, 56)
Top of the 14th over - 0 run(s), 0 hit(s), 0 error(s), 0 left on base; Columbia 2 - Plumstead 2
BOTTOM OF THE 14TH
Plumstead Eagles batting - Pitching for Columbia 08s : RHP Charles Palmeiro
Pinch Hitting: RHB Howard Johnson 0-0: SINGLE (Flyball, 89S)
Batting: RHB Juan Caceres 0-0: Ball
Howard Johnson is caught stealing 2nd base
1-0: Fly out, F4 (Popup, 34D)
Batting: RHB Ethan Moore 0-0: Ball
1-0: Called Strike
1-1: Ball
2-1: Ball
3-1: Foul Ball, location: 2F
3-2: Strikes out looking
Bottom of the 14th over - 0 run(s), 1 hit(s), 0 error(s), 0 left on base; Columbia 2 - Plumstead 2
TOP OF THE 15TH
Columbia 08s batting - Pitching for Plumstead Eagles : RHP Chris Jennings
Now in RF: Howard Johnson
Batting: RHB José Orozco 0-0: Ball
1-0: DOUBLE (Flyball, 7M)
Batting: RHB Pedro López 0-0: Ground out 6-3 (Groundball, 6)
José Orozco to third
Batting: LHB Claudio Palácios 0-0: Foul Ball, location: 2F
0-1: Ball
1-1: Reached on error, E5 (Groundball, 15S)
José Orozco scores
Batting: SHB Jorge Rodríguez 0-0: Called Strike
0-1: Ball
1-1: Ground out 4-3 (Groundball, 4)
Claudio Palácios to third
Batting: SHB Wayne Matthews 0-0: Ball
1-0: Ball
2-0: Called Strike
2-1: SINGLE (Groundball, 6MD)
Claudio Palácios scores
Batting: RHB Pat Fernández 0-0: Ball
1-0: Foul Ball, location: 2F
1-1: Ball
2-1: Foul Ball, location: 2F
2-2: Ball
3-2: DOUBLE (Line Drive, 8RXD)
Wayne Matthews to third
Wayne Matthews scores
Batting: LHB Ramiro Muñóz 0-0: Called Strike
0-1: Foul Ball, location: 2F
0-2: Ball
1-2: Ball
2-2: Strikes out swinging
Top of the 15th over - 3 run(s), 3 hit(s), 1 error(s), 1 left on base; Columbia 5 - Plumstead 2
BOTTOM OF THE 15TH
Plumstead Eagles batting - Pitching for Columbia 08s : RHP Charles Palmeiro
Batting: LHB Víctor Peña 0-0: Called Strike
0-1: Ball
1-1: Foul Ball, location: 2F
1-2: Foul Ball, location: 2F
1-2: Strikes out looking
Batting: RHB Kolomon Meise 0-0: Swinging Strike
0-1: Ground out 6-3 (Groundball, 6)
Batting: LHB Arturo Álvarez 0-0: Called Strike
0-1: DOUBLE (Line Drive, 89M)
Batting: RHB Jaime Rodríguez 0-0: Foul Ball, location: 2F
0-1: Ball
1-1: Ball
2-1: Swinging Strike
2-2: Strikes out swinging
Bottom of the 15th over - 0 run(s), 1 hit(s), 0 error(s), 1 left on base; Columbia 5 - Plumstead 2
This league is powered by Out of the Park Baseball, the baseball management simulation game for PC, Mac and Linux
Tuesday, August 2nd, 2016 - OOTP Baseball 16.8 Build 38